 Dungeon Crawl Stone Soup version 0.23-a0-321-g6bcb69f (webtiles) character file.

161949 galech the Severer (level 17, -1/147 (149) HPs)
             Began as a Demonspawn Fighter on Oct 15, 2018.
             Was the Champion of Okawaru.
             Slain by a deep troll earth mage (8 damage)
             ... summoned by a glowing orange brain
             ... while paralysed by a great orb of eyes
             ... on level 1 of the Depths.
             The game lasted 00:54:52 (24107 turns).

galech the Severer (Demonspawn Fighter)            Turns: 24107, Time: 00:54:53

HP:   -1/147 (149)  AC: 24    Str: 25      XL:     17   Next: 21%
MP:   20/20         EV:  2    Int:  4 (7)  God:    Okawaru [******]
Gold: 1637          SH:  0    Dex: 26      Spells: 16/16 levels left

rFire    + + .     SeeInvis .   N - +7 war axe (vamp)
rCold    + + +     Gourm    +   O - +1 large shield {reflect}
rNeg     . . .     Faith    .   Z - +5 chain mail of Minor Irritation {rF+}
rPois    .         Spirit   .   T - +2 hat
rElec    +         Reflect  +   i - +1 cloak of Starlight {rElec rC+ EV+4 Stlth--}
rCorr    .         Harm     .   X - +2 pair of gloves {Str+3}
MR       .....                  (boots unavailable)
Stlth    ..........             v - amulet of Ethics {Gourm rC+ Dex+8 Slay+3}
HPRegen  0.34/turn              n - +4 ring of evasion
MPRegen  0.17/turn              a - ring "Xycael" {rF+ rC+++ MR- Str+6 Int-5}

@: confused, paralysed, afraid
A: hooves 3, large bone plates 3, powered by death 2, robust 1, spiny 2
a: Heroism, Finesse, Renounce Religion


You were on level 1 of the Depths.
You worshipped Okawaru.
Okawaru was exalted by your worship.
You were completely stuffed.

You visited 4 branches of the dungeon, and saw 24 of its levels.
You also visited: Labyrinth, Sewer, Bailey and Ice Cave.

You collected 2585 gold pieces.
You spent 948 gold pieces at shops.

Inventory:

Hand Weapons
 E - a +9 hand axe of flaming
 N - a +7 vampiric war axe (weapon)
Armour
 i - the +1 cloak of Starlight (worn) {rElec rC+ EV+4 Stlth--}
   (You bought it in a shop on level 6 of the Dungeon)

   It affects your evasion (+4).
   It protects you from cold.
   It insulates you from electricity.
   It makes you much less stealthy.
 O - a +1 large shield of reflection (worn)
 P - a +3 chain mail of positive energy
 T - a +2 hat (worn)
 V - the +2 plate armour of the Sailor {Str+4}
   (You found it in a bailey)

   It affects your strength (+4).
 X - a +2 pair of gloves of strength (worn)
 Z - the +5 chain mail of Minor Irritation (worn) {rF+}
   (You found it on level 1 of the Lair of Beasts)

   It protects you from fire.
Jewellery
 a - the ring "Xycael" (right hand) {rF+ rC+++ MR- Str+6 Int-5}
   (You found it in an ice cave)

   [ring of protection from fire]

   It affects your strength (+6).
   It affects your intelligence (-5).
   It protects you from fire.
   It renders you almost immune to cold.
   It affects your resistance to hostile enchantments.
 c - an uncursed ring of positive energy {unknown}
 n - a +4 ring of evasion (left hand)
 s - an uncursed ring of protection from cold
 t - an uncursed ring of flight
 v - the amulet of Ethics (around neck) {Gourm rC+ Dex+8 Slay+3}
   (You found it on level 4 of the Dungeon)

   [amulet of the gourmand]

   It allows you to eat raw meat even when not hungry.
   It affects your dexterity (+8).
   It affects your accuracy and damage with ranged weapons and melee attacks
   (+3).
   It protects you from cold.
 F - a cursed amulet of faith {unknown}
 G - an uncursed ring of protection from fire
 K - an uncursed ring of poison resistance
Wands
 H - a wand of digging (14)
Scrolls
 b - 7 scrolls of magic mapping
 g - 8 scrolls of teleportation
 j - 5 scrolls of fear
 m - 10 scrolls of remove curse
 q - a scroll of acquirement
 w - 2 scrolls of identify
 x - 9 scrolls of amnesia
 y - 3 scrolls of fog
 C - a scroll of brand weapon
 R - 2 scrolls of blinking
 U - 4 scrolls of enchant armour
Potions
 d - 4 potions of might
 e - 3 potions of magic {unknown}
 h - 3 potions of invisibility
 k - 13 potions of curing
 l - 3 potions of cancellation {unknown}
 o - 7 potions of brilliance {unknown}
 p - 5 potions of heal wounds
 u - 2 potions of berserk rage {unknown}
 z - 3 potions of degeneration {unknown}
 B - 6 potions of flight {unknown}
 D - a potion of agility
 I - a potion of ambrosia
 J - 2 potions of lignification
 L - 3 potions of mutation
 S - 3 potions of haste
Comestibles
 f - 52 rations
 r - 6 chunks of flesh


   Skills:
 + Level 13.1 Fighting
 + Level 16.5 Axes
 + Level 9.8 Armour
 + Level 6.3 Dodging
 + Level 6.2 Stealth
 + Level 15.7 Shields
 + Level 4.2 Invocations
 + Level 0.1 Evocations


You had 16 spell levels left.
You didn't know any spells.
Your spell library contained the following spells:

 Spells                   Type           Power        Failure   Level  Hunger
 Animate Skeleton         Necr           N/A          100%        1    ##.....
 Apportation              Tloc           #.....       100%        1    ##.....
 Beastly Appendage        Tmut           #.....       100%        1    ##.....
 Confusing Touch          Hex            #.....       100%        1    ##.....
 Flame Tongue             Conj/Fire      #....        100%        1    ##.....
 Summon Small Mammal      Summ           #...         100%        1    ##.....
 Sticks to Snakes         Tmut           #.......     100%        2    ###....
 Throw Flame              Conj/Fire      #.....       100%        2    ###....
 Conjure Flame            Conj/Fire      #.......     100%        3    ####...
 Gell's Gravitas          Tloc           #.........   100%        3    ####...
 Ignite Poison            Fire/Tmut/Pois #.......     100%        3    ####...
 Inner Flame              Hex/Fire       #.......     100%        3    ####...
 Portal Projectile        Hex/Tloc       #.....       100%        3    ####...
 Spider Form              Tmut/Pois      #.........   100%        3    ####...
 Force Lance              Conj/Tloc      #.......     100%        4    #####..
 Ice Form                 Ice/Tmut       #.......     100%        4    #####..
 Sticky Flame             Conj/Fire      #.......     100%        4    #####..
 Blade Hands              Tmut           #.........   100%        5    ######.
 Fireball                 Conj/Fire      #.........   100%        5    ######.
 Irradiate                Conj/Tmut      #.........   100%        5    ######.
 Metabolic Englaciation   Hex/Ice        #.........   100%        5    ######.
 Summon Forest            Summ/Tloc      #.........   100%        5    ######.
 Bolt of Cold             Conj/Ice       #.........   100%        6    #######
 Dispersal                Tloc           #.........   100%        6    #######
 Freezing Cloud           Conj/Ice/Air   #.........   100%        6    #######
 Hydra Form               Tmut           #.........   100%        6    #######
 Ozocubu's Refrigeration  Ice            #.........   100%        6    #######
 Simulacrum               Ice/Necr       #.........   100%        6    #######
 Statue Form              Tmut/Erth      #........    100%        6    #######
 Dragon Form              Tmut           #.........   100%        7    #######
 Controlled Blink         Tloc           N/A          100%        8    #######
 Disjunction              Tloc           #.........   100%        8    #######


Dungeon Overview and Level Annotations

Branches:
Dungeon (15/15)            Temple (0/1) D:4            Lair (6/6) D:11
 Shoals (0/4) Lair:4        Snake (0/4) Lair:4        Slime (0/5) Lair:5
    Orc (2/2) D:12            Elf (0/3) Orc:2        Vaults (0/5) D:14
 Depths (1/5) D:15

Altars:
Dithmenos
Gozag
Kikubaaqudgha
Okawaru
Qazlal
Ru
Sif Muna
Vehumet
Xom
Yredelemnul
The Shining One
Beogh

Shops:
D:6 [   D:13 (!   D:15 !   Orc:2 [:!*

Portals:
Hell: Depths:1
Abyss: Depths:1
Pandemonium: Orc:2


Innate Abilities, Weirdness & Mutations

You have hooves in place of feet.
You are completely covered in large bone plates. (SH +8)
You regenerate health from kills.
You are robust. (+10% HP)
You are mostly covered in sharp spines.


Message History

The deep troll claws you but does no damage.
The deep troll claws you!
* * * LOW HITPOINT WARNING * * *
The deep troll earth mage bites you but does no damage.
The deep troll earth mage claws you.
* * * LOW HITPOINT WARNING * * *
The deep troll earth mage claws you!
* * * LOW HITPOINT WARNING * * *
The jiangshi claws you but does no damage. x2
The tengu warrior hits you but does no damage.
The deep troll bites you but does no damage.
The deep troll barely misses you. The deep troll claws you!
* * * LOW HITPOINT WARNING * * *
The jiangshi claws you but does no damage. x2
The deep troll bites you!
* * * LOW HITPOINT WARNING * * *
The deep troll claws you but does no damage. x2
The deep troll earth mage bites you but does no damage.
The deep troll earth mage claws you!
You die...

#...# #. ##.#.#.#)#.(..# #.
#...# #...##..........).# #.
#...# #...###....####.((# #.
#...# #...# ##..(# #.(.# #.
#...# #...# #...# #...# #.
#...###...####...# #...####.
#..........TVG...# #........
#.........TTGT...####........
#.........TT@VQ..............
#...###...####.(........####.
#...# #...# #..........# #.
#...# #...# #...####...# #.
#.).# #...# #...# #...# #.
#)))# #...# #...# #...# #.
#...# #...# #...# #...# #.
#...# #...# #...# #...# #.
#...# #...# #...# #...# #.


You could see a great orb of eyes, 2 jiangshi, a tengu warrior, a glowing orange
brain, 3 deep trolls, 2 deep troll earth magi and a deep troll shaman.

Vanquished Creatures
  Gastronok (D:10)
  A tengu reaver (D:13)
  2 fire giants (Depths:1)
  3 frost giants
  2 stone giants (Depths:1)
  2 entropy weavers (Lair:4)
  The ghost of Nib the Markscentaur, a journeyman CeHu of Okawaru (D:12)
  Nessos (Lair:4)
  4 very ugly things (Depths:1)
  A minotaur (Lab)
  3 ettins
  A great orb of eyes (Depths:1)
  Harold (D:9)
  Erolcha (D:9)
  2 ice dragons (Depths:1)
  5 hydras
  4 catoblepae
  4 centaur warriors
  19 two-headed ogres
  A tengu warrior (D:15)
  2 dancing weapons (D:14)
  7 death yaks
  A queen ant (Lair:3)
  3 ogre magi
  A queen ant (shapeshifter) (D:15)
  2 soul eaters (Orc:2)
  Urug (Lair:4)
  A deep troll earth mage (D:13)
  6 hell knights (Depths:1)
  6 orc high priests
  An infernal demonspawn (Orc:2)
  An unseen horror (D:14)
  A glowing orange brain (D:15)
  3 gelid demonspawn (Orc:2)
  A wizard (D:15)
  A shadow dragon zombie (Depths:1)
  12 ugly things
  5 manticores
  A necromancer (Depths:1)
  8 orc knights
  2 deep elf magi
  5 cyclopes
  8 orc sorcerers
  A sphinx zombie (Depths:1)
  A salamander (shapeshifter) (D:15)
  2 moths of wrath (Lair:6)
  A rust devil (Orc:2)
  4 elephants (Lair:5)
  Maurice (D:8)
  A smoke demon (Orc:2)
  A torpor snail (Lair:6)
  A black mamba (Lair:4)
  An orange demon (Orc:2)
  13 spiny frogs
  4 rime drakes
  A kobold demonologist (D:10)
  9 yaktaurs
  3 ice devils
  6 komodo dragons
  A freezing wraith (D:15)
  A komodo dragon (shapeshifter) (Depths:1)
  3 tengu conjurers
  15 tyrant leeches (Lair:6)
  A hornet (shapeshifter) (D:13)
  7 trolls
  A wind drake (shapeshifter) (D:15)
  A hornet (D:13)
  A wolf spider simulacrum (D:15)
  21 polar bears
  A dream sheep (shapeshifter) (D:14)
  23 slime creatures
  7 dream sheep (Lair:6)
  Grinder (D:5)
  32 blink frogs
  4 hippogriffs
  A spriggan (shapeshifter) (D:15)
  A spriggan (D:7)
  2 shadows
  70 yaks
  A wyvern (Lair:6)
  2 basilisks
  Grum (D:8)
  A neqoxec (Orc:2)
  Edmund (D:4)
  A swamp worm (Lair:6)
  Menkaure (D:5)
  2 vampire mosquitoes (D:14)
  7 nagas (Lair:4)
  5 soldier ants
  2 acid dragons (D:14)
  22 water moccasins
  15 porcupines
  A spriggan simulacrum (Depths:1)
  35 orc warriors
  2 sky beasts
  3 black bears
  18 ogres
  An eye of draining (D:12)
  3 ice beasts
  3 phantoms
  A necrophage (D:7)
  A tengu (shapeshifter) (D:15)
  10 centaurs
  48 wolves
  16 big kobolds
  7 crocodiles
  A big kobold (shapeshifter) (Depths:1)
  Blork the orc (D:9)
  A gnoll sergeant (Orc:1)
  21 bullfrogs
  A wyvern zombie (D:7)
  A water moccasin zombie (D:9)
  4 scorpions
  8 killer bees
  14 wights
  2 electric eels (Lair:6)
  3 howler monkeys
  A spriggan skeleton (Lab)
  5 crimson imps
  2 bullfrog zombies
  3 centaur zombies
  3 hounds
  7 jellies
  23 orc priests
  5 centaur skeletons
  25 orc wizards
  2 bullfrog skeletons
  4 iguanas
  23 worker ants
  2 killer bee zombies (D:7)
  A hound zombie (D:7)
  2 hound skeletons
  8 gnolls
  A howler monkey skeleton (D:5)
  A worker ant zombie (D:8)
  A howler monkey zombie (D:5)
  6 river rats (Sewer)
  18 adders
  8 shadow imps
  2 oozes
  2 adder skeletons
  A worm (D:2)
  6 dart slugs
  7 leopard geckos
  119 orcs
  8 giant cockroaches
  13 goblins
  7 hobgoblins
  6 jackals
  13 kobolds
  3 quokkas
  4 ball pythons
  A ball python skeleton (D:2)
  13 bats
  11 frilled lizards
  A leopard gecko skeleton (D:4)
  A quokka skeleton (D:5)
  20 rats
  A spectral orc (D:2)
  3 bushes (D:5)
  10 fungi
  4 plants
1056 creatures vanquished.

Vanquished Creatures (others)
  A stone giant (Depths:1)
  A yaktaur captain (Depths:1)
  2 yaktaurs (Depths:1)
  An orc (D:11)
  A bush (D:5)
  2 fungi (Lair:6)
  9 plants
17 creatures vanquished.

Grand Total: 1073 creatures vanquished

Notes
Turn   | Place    | Note
-------+----------+-------------------------------------------
     0 | D:1      | galech the Demonspawn Fighter began the quest for the Orb.
     0 | D:1      | Reached XP level 1. HP: 18/18 MP: 1/1
    97 | D:1      | Gained mutation: You regenerate a little health from kills.
                  | [demonic ancestry]
    97 | D:1      | Reached XP level 2. HP: 17/24 MP: 2/2
   153 | D:1      | Reached skill level 2 in Axes
   192 | D:1      | Reached XP level 3. HP: 28/29 MP: 3/3
   905 | D:2      | Gained mutation: You are partially covered in sharp spines.
                  | [demonic ancestry]
   905 | D:2      | Reached XP level 4. HP: 33/35 MP: 4/4
   989 | D:2      | Found an ancient bone altar of Kikubaaqudgha.
   990 | D:2      | Found an iron altar of Okawaru.
   996 | D:2      | Became a worshipper of Warmaster Okawaru
  1023 | D:2      | Found a basalt altar of Yredelemnul.
  1120 | D:2      | Found a radiant altar of Vehumet.
  1728 | D:3      | Reached skill level 3 in Axes
  1728 | D:3      | Gained mutation: You have large cloven feet. [demonic
                  | ancestry]
  1728 | D:3      | Reached XP level 5. HP: 36/41 MP: 5/5
  1753 | D:3      | Noticed a centaur
  1762 | D:3      | Killed a centaur
  1762 | D:3      | Reached skill level 1 in Dodging
  2321 | D:4      | Found a staircase to the Ecumenical Temple.
  2323 | D:4      | Reached * piety under Okawaru
  2323 | D:4      | Gained mutation: You are partially covered in large bone
                  | plates. (SH +4) [demonic ancestry]
  2323 | D:4      | Reached XP level 6. HP: 48/48 MP: 6/6
  2375 | D:4      | Reached skill level 4 in Axes
  2401 | D:4      | Found a glowing drain.
  2405 | Sewer    | Entered a sewer
  2836 | D:4      | Reached XP level 7. HP: 51/53 MP: 7/7
  2979 | D:4      | Reached skill level 5 in Shields
  3261 | D:4      | Got a crude ruby amulet
  3262 | D:4      | Identified the amulet of Ethics {Gourm rC+ Dex+8 Slay+3}
                  | (You found it on level 4 of the Dungeon)
  3477 | D:5      | Entered Level 5 of the Dungeon
  3513 | D:5      | Noticed Edmund
  3514 | D:5      | Noticed Grinder
  3525 | D:5      | Paralysed by Grinder for 7 turns
  3543 | D:4      | Killed Edmund
  3543 | D:4      | Reached ** piety under Okawaru
  3543 | D:4      | Reached skill level 5 in Axes
  3561 | D:5      | Killed Grinder
  3561 | D:5      | Reached skill level 1 in Stealth
  3561 | D:5      | Gained mutation: You are mostly covered in sharp spines.
                  | [demonic ancestry]
  3561 | D:5      | Reached XP level 8. HP: 21/60 MP: 8/8
  4293 | D:5      | Noticed Menkaure
  4299 | D:5      | Killed Menkaure
  4299 | D:5      | Reached skill level 6 in Axes
  4894 | D:6      | Found Jeyqyo's Antique Armour Shop.
  5355 | D:6      | Reached *** piety under Okawaru
  5857 | D:7      | Gained mutation: You are mostly covered in large bone
                  | plates. (SH +6) [demonic ancestry]
  5857 | D:7      | Reached XP level 9. HP: 62/66 MP: 9/9
  6074 | D:7      | Reached skill level 7 in Axes
  6324 | D:8      | Noticed Grum
  6328 | D:8      | Killed Grum
  6487 | D:8      | Reached **** piety under Okawaru
  6487 | D:8      | Reached skill level 5 in Fighting
  6580 | D:8      | Reached skill level 8 in Axes
  6608 | D:8      | Found a sacrificial altar of Ru.
  7218 | D:8      | Noticed Maurice
  7225 | D:8      | Paralysed by something for 5 turns
  7501 | D:8      | Killed Maurice
  7561 | D:8      | Gained mutation: You have hoof-like feet. [demonic
                  | ancestry]
  7561 | D:8      | Reached XP level 10. HP: 74/74 MP: 10/10
  7683 | D:9      | Found a shadowy altar of Dithmenos.
  7683 | D:9      | Found an opulent altar of Gozag.
  7683 | D:9      | Found a stormy altar of Qazlal.
  7740 | D:9      | Found a glowing golden altar of the Shining One.
  8075 | D:9      | Reached ***** piety under Okawaru
  8263 | D:9      | Noticed Blork the orc
  8269 | D:9      | Found a deep blue altar of Sif Muna.
  8372 | D:9      | Noticed Erolcha
  8382 | D:9      | Killed Erolcha
  8382 | D:9      | Reached skill level 9 in Axes
  8382 | D:9      | Reached skill level 5 in Stealth
  8465 | D:9      | Killed Blork the orc
  8478 | D:9      | Noticed Harold
  8488 | D:9      | Killed Harold
  8488 | D:9      | Received a gift from Okawaru
  8488 | D:9      | Reached skill level 1 in Invocations
  8701 | D:10     | Entered Level 10 of the Dungeon
  8829 | D:10     | Noticed a two-headed ogre
  8841 | D:10     | Killed a two-headed ogre
  8841 | D:10     | Gained mutation: You are completely covered in large bone
                  | plates. (SH +8) [demonic ancestry]
  8841 | D:10     | Reached XP level 11. HP: 81/83 MP: 9/12
  8902 | D:10     | Noticed a soul eater
  9164 | D:10     | Noticed Gastronok
  9180 | D:10     | Killed Gastronok
  9180 | D:10     | Reached skill level 10 in Axes
  9391 | D:10     | Reached skill level 5 in Armour
  9470 | D:11     | Received a gift from Okawaru
  9471 | D:11     | Found the +4 robe of Augmentation {Str+4 Int+4 Dex+4}
  9634 | D:11     | Found a frozen archway.
  9749 | IceCv    | Entered an ice cave
  9892 | IceCv    | Reached skill level 10 in Shields
  9913 | IceCv    | Gained mutation: You regenerate health from kills. [demonic
                  | ancestry]
  9913 | IceCv    | Reached XP level 12. HP: 91/91 MP: 13/13
  9974 | IceCv    | Reached skill level 11 in Axes
 10102 | IceCv    | Noticed a death yak
 10102 | IceCv    | Noticed a frost giant
 10140 | IceCv    | Killed a frost giant
 10140 | IceCv    | Received a gift from Okawaru
 10140 | IceCv    | Reached skill level 5 in Dodging
 10157 | IceCv    | Reached ****** piety under Okawaru
 10172 | IceCv    | Killed a death yak
 10360 | IceCv    | Got a warped platinum ring
 10373 | IceCv    | Identified the ring "Xycael" {rF+ rC+++ MR- Str+6 Int-5}
                  | (You found it in an ice cave)
 10841 | D:11     | Found a staircase to the Lair.
 10936 | D:11     | Noticed a two-headed ogre
 10946 | D:11     | Killed a two-headed ogre
 11060 | Lair:1   | Entered Level 1 of the Lair of Beasts
 11365 | Lair:1   | Received a gift from Okawaru
 11685 | Lair:1   | Got an ichor-stained chain mail
 11696 | Lair:1   | Identified the +5 chain mail of Minor Irritation {rF+} (You
                  | found it on level 1 of the Lair of Beasts)
 11714 | Lair:1   | Reached skill level 12 in Axes
 12043 | Lair:2   | Reached XP level 13. HP: 99/99 MP: 15/15
 13673 | D:6      | Bought the +1 cloak of Starlight {rElec rC+ EV+4 Stlth--}
                  | for 845 gold pieces
 13673 | D:6      | Found the +1 cloak of Starlight {rElec rC+ EV+4 Stlth--}
 13907 | Lair:4   | Found a staircase to the Shoals.
 13930 | Lair:4   | Noticed Urug
 13943 | Lair:4   | Killed Urug
 13943 | Lair:4   | Received a gift from Okawaru
 13975 | Lair:4   | Found a staircase to the Snake Pit.
 14005 | Lair:4   | Got a crystal war axe {god gift}
 14006 | Lair:4   | Identified the +6 war axe of the Crawling Thing {chop, rC+
                  | Dex+6} (Okawaru gifted it to you on level 4 of the Lair of
                  | Beasts)
 14010 | Lair:4   | Noticed Nessos
 14050 | Lair:5   | Reached skill level 13 in Axes
 14080 | Lair:4   | Killed Nessos
 14484 | Lair:4   | Noticed an entropy weaver
 14486 | Lair:4   | Noticed an entropy weaver
 14508 | Lair:4   | Killed an entropy weaver
 14804 | Lair:4   | Killed an entropy weaver
 15081 | Lair:5   | Gained mutation: You have hooves in place of feet. [demonic
                  | ancestry]
 15081 | Lair:5   | Reached XP level 14. HP: 106/108 MP: 16/16
 15212 | Lair:5   | Received a gift from Okawaru
 15415 | Lair:5   | Found a staircase to the Slime Pits.
 15844 | Lair:6   | Entered Level 6 of the Lair of Beasts
 15886 | Lair:6   | Found a labyrinth entrance.
 15922 | Lab      | Entered a labyrinth
 16852 | Lair:6   | Reached skill level 10 in Fighting
 17027 | Lair:6   | Received a gift from Okawaru
 17062 | Lair:6   | Found a shimmering altar of Xom.
 17299 | Lair:6   | Received a gift from Okawaru
 17377 | Lair:6   | Reached skill level 14 in Axes
 17460 | Lair:6   | Gained mutation: You are robust. (+10% HP) [demonic
                  | ancestry]
 17460 | Lair:6   | Reached XP level 15. HP: 73/128 MP: 17/17
 18086 | D:12     | Found a transporter.
 18089 | D:12     | Noticed Nib's ghost (journeyman CeHu)
 18090 | D:12     | Found a transporter.
 18092 | D:12     | Noticed a frost giant
 18440 | D:12     | Found a staircase to the Orcish Mines.
 18766 | D:12     | Killed Nib's ghost
 18772 | D:12     | Killed a frost giant
 18772 | D:12     | Received a gift from Okawaru
 18787 | D:12     | Got a slimy golden ring
 18810 | D:12     | Identified the ring "Cafat" {Dex+2 Stlth+} (You found it on
                  | level 12 of the Dungeon)
 18900 | Orc:1    | Entered Level 1 of the Orcish Mines
 18915 | Orc:1    | Received a gift from Okawaru
 19074 | Orc:2    | Entered Level 2 of the Orcish Mines
 19074 | Orc:2    | Found a staircase to the Elven Halls.
 19559 | Orc:2    | Found Iniuthra's Distillery.
 19560 | Orc:2    | Found Ydimm's General Store.
 19685 | Orc:2    | Bought a scroll of identify for 28 gold pieces
 19687 | Orc:2    | Bought a potion of heal wounds for 75 gold pieces
 19839 | Orc:2    | Reached skill level 15 in Axes
 19887 | Orc:2    | Found Miroisko's Antique Armour Shop.
 19887 | Orc:2    | Found Cez Dio's Book Boutique.
 19890 | Orc:2    | Found a one-way gate leading to the halls of Pandemonium.
 19895 | Orc:2    | Received a gift from Okawaru
 20265 | Orc:1    | Found a roughly hewn altar of Beogh.
 20673 | D:13     | Found Decarchyu's Antique Weapon Emporium.
 20725 | D:13     | Found Zouc's Distillery.
 20762 | D:13     | Found a flagged portal.
 20775 | Bailey   | Entered a bailey
 20990 | Bailey   | Got an ancient plate armour
 21078 | Bailey   | Identified the +2 plate armour of the Sailor {Str+4} (You
                  | found it in a bailey)
 21154 | D:13     | Noticed a tengu reaver
 21156 | D:13     | Identified the cursed +0 falchion "Fish" {drain, rC+ Int+2}
 21169 | D:13     | Reached XP level 16. HP: 139/139 MP: 19/19
 21187 | D:13     | Killed a tengu reaver
 21201 | D:13     | Identified the amulet of Cireips {Spirit rC+ Dex+2}
 21252 | D:13     | Identified a scroll of acquirement
 21698 | D:14     | Found an opulent altar of Gozag.
 21969 | D:14     | Found a gate to the Vaults.
 22272 | D:15     | Entered Level 15 of the Dungeon
 22357 | D:15     | Received a gift from Okawaru
 22391 | D:15     | Found Naaqaan's Distillery.
 22672 | D:15     | Found a glowing golden altar of the Shining One.
 22680 | D:15     | Reached skill level 15 in Shields
 23124 | D:15     | Found a staircase to the Depths.
 23232 | Depths:1 | Entered Level 1 of the Depths
 23337 | Depths:1 | Received a gift from Okawaru
 23341 | Depths:1 | Reached skill level 16 in Axes
 23646 | Depths:1 | Found a gateway to Hell.
 23670 | Depths:1 | Reached XP level 17. HP: 146/146 MP: 20/20
 23722 | Depths:1 | Received a gift from Okawaru
 23798 | Depths:1 | Found a one-way gate to the infinite horrors of the Abyss.
 23861 | Depths:1 | Identified the Compendium of the Compass and Ignition
 24104 | Depths:1 | Paralysed by a great orb of eyes for 5 turns
 24107 | Depths:1 | HP: 7/147 [deep troll[a glowing orange brain] (12)]
 24107 | Depths:1 | Slain by a deep troll earth mage

Vault maps used:
D:1:      nicolae_arrival_memento_mori, minmay_ruptured
D:2:      yredelemnul_forgotten_temple_becter, nicolae_overflow_hidden_temple,
          gammafunk_temple_overflow_pools, first_ration
D:3:      st_stairs_10
D:4:      minmay_temple_entry_crystal_x, gup_sewer_entry_bowl,
          eino_small_chamber_without_monster
D:5:      grunt_ministairs_5, lexackson_kobold_supper, uniq_menkaure,
          uniq_grinder, uniq_edmund
D:6:      serial_shops, nicolae_shop_trees, chequers_jeans,
          minmay_misc_feat_encased, hangedman_decor_peaks_small
D:7:      the_bakery
D:8:      overflow_temple_1_default, uniq_grum, uniq_maurice
D:9:      gammafunk_temple_overflow_forgotten, nicolae_overflow_crystal_walls,
          tgw_sif, uniq_harold, uniq_erolcha
D:10:     special_room, uniq_gastronok
D:11:     lair_entry_dummy, portal_ice_cave_demonic_guard
D:12:     hiddenorc1_lemuel, serial_column_ruins, column_ruins_hut,
          column_ruins_columns_straight, column_ruins_columns_straight,
          column_ruins_grid_1, gammafunk_ghost_smash
D:13:     minmay_strange_plus, serial_shops, nicolae_shop_crystal, shop,
          lightli_bailey_entry_fortress
D:14:     erik_vaults_1, basic_altar, serial_bayou_pond_c, lemuel_another_geyser
D:15:     gammafunk_enter_depths_forms, serial_shops, nicolae_shop_behind_doors,
          minmay_misc_feat_pillars, tso_metal_star
Lair:3:   grunt_forest_large_clearings
Lair:4:   shoals_dummy_entry, minmay_snake_entry_guardpost_large,
          wad_woods_antlair, uniq_nessos, uniq_urug
Lair:5:   minmay_slime_entry_pillars, beast_lair_carwin_9
Lair:6:   evilmike_catoblepas_cave, basic_altar, lab_entry_generic,
          worms_lemuel, serial_bayou_shore_a
Orc:1:    basic_altar, nicolae_orc_crystal_geode
Orc:2:    pf_orc_diabolical, guppyfry_library_mini
Depths:1: serial_glass, glass_columns_c, glass_columns_b, minmay_misc_feat_x,
          abyss_entry, hell_entry, grunt_ministairs_1, spider_trap,
          feat_on_display
Lab:      labyrinth_watery, nicolae_lab_very_dead_end
Sewer:    sewer_co_cracked_pipes
Bailey:   bailey_polearm_1, bailey
IceCv:    ice_cave_caverns_03

Skill      XL: |  1  2  3  4  5  6  7  8  9 10 11 12 13 14 15 16 17 |
---------------+----------------------------------------------------+-----
Shields        | 3 4 5 6 7 8 10 11 12 13 14 15 | 15.7
Axes           | 2 3 4 5 6 8 9 10 12 13 14 15 16 | 16.5
Armour         | 3 4 5 7 8 9 |  9.8
Dodging        | 1 2 3 4 5 6 |  6.3
Fighting       | 4 5 6 7 8 9 10 11 12 13 | 13.1
Stealth        | 1 2 4 5 6 |  6.2
Invocations    | 2 3 4 |  4.2
Evocations     | |  0.1

Action                   |  1- 3 |  4- 6 |  7- 9 | 10-12 | 13-15 | 16-18 || total
-------------------------+-------+-------+-------+-------+-------+-------++-------
Melee: War axe           |   123 |   171 |   188 |       |   585 |   393 ||  1460
       Kick              |       |    27 |   149 |   243 |   682 |   238 ||  1339
       Hand axe          |       |       |   115 |   501 |   613 |       ||  1229
Invok: Heroism           |       |       |     1 |     7 |     9 |     3 ||    20
 Abil: Evoke Flight      |       |       |       |       |       |     1 ||     1
  Use: Scroll            |       |     4 |     5 |     9 |     8 |    11 ||    37
 Stab: Sleeping          |       |       |    12 |     4 |       |       ||    16
       Distracted        |       |       |     1 |       |       |       ||     1
       Petrified         |       |       |       |       |     5 |       ||     5
  Eat: Chunk             |       |     7 |    20 |    15 |    39 |    10 ||    91
       Ration            |       |       |     1 |       |       |       ||     1
Armor: Scale mail        |    74 |    85 |     5 |       |       |       ||   164
       Leather armour    |       |       |    29 |     5 |       |       ||    34
       Chain mail        |       |       |       |   112 |   195 |   108 ||   415
Dodge: Dodged            |    45 |    61 |    50 |    86 |   269 |   151 ||   662
Block: Shield            |    87 |   134 |   124 |   401 |   210 |       ||   956
       Large shield      |       |       |       |       |  1140 |   470 ||  1610
       Reflection        |       |       |       |       |     2 |    43 ||    45

Table legend:
 A = Non-vault XP
 B = Vault XP
 C = Vault XP percentage of total XP
 D = Non-vault monster count
 E = Vault monster count
 F = Vault count percentage of total count
                 A         B        C        D         E       F
            +---------+---------+-------+---------+---------+-------
      Total |  132494 |   98863 |  42.7 |     669 |     374 |  35.9
            +---------+---------+-------+---------+---------+-------
        D:1 |      56 |      11 |  16.4 |      31 |       5 |  13.9
        D:2 |      45 |       1 |   2.2 |      16 |       1 |   5.9
        D:3 |     129 |     127 |  49.6 |      26 |       3 |  10.3
        D:4 |     478 |     185 |  27.9 |      15 |       4 |  21.1
        D:5 |     408 |     528 |  56.4 |      13 |      10 |  43.5
        D:6 |     624 |       0 |   0.0 |      15 |       0 |   0.0
        D:7 |     500 |     215 |  30.1 |      15 |       1 |   6.2
        D:8 |    1208 |     964 |  44.4 |      32 |       5 |  13.5
        D:9 |    1792 |    2119 |  54.2 |      27 |       3 |  10.0
       D:10 |    1748 |    4203 |  70.6 |      16 |      18 |  52.9
       D:11 |    3958 |     718 |  15.4 |      32 |       2 |   5.9
       D:12 |     729 |    7138 |  90.7 |      17 |      25 |  59.5
       D:13 |    6932 |    8885 |  56.2 |      41 |      23 |  35.9
       D:14 |    5369 |    1808 |  25.2 |      17 |       2 |  10.5
       D:15 |    7970 |    3482 |  30.4 |      33 |       8 |  19.5
     Lair:1 |    5327 |       0 |   0.0 |      30 |       0 |   0.0
     Lair:2 |    6187 |       0 |   0.0 |      29 |       0 |   0.0
     Lair:3 |    4747 |    3832 |  44.7 |      22 |      26 |  54.2
     Lair:4 |    3749 |    6951 |  65.0 |      19 |      21 |  52.5
     Lair:5 |   10329 |    2370 |  18.7 |      31 |      10 |  24.4
     Lair:6 |   12925 |   17511 |  57.5 |      48 |      42 |  46.7
      Orc:1 |    5857 |       0 |   0.0 |      53 |       0 |   0.0
      Orc:2 |    6387 |   19517 |  75.3 |      29 |      73 |  71.6
   Depths:1 |   45040 |    4313 |   8.7 |      62 |       9 |  12.7
        Lab |       0 |    1532 | 100.0 |       0 |       4 | 100.0
      Sewer |       0 |     110 | 100.0 |       0 |      22 | 100.0
     Bailey |       0 |     913 | 100.0 |       0 |      12 | 100.0
      IceCv |       0 |   11430 | 100.0 |       0 |      45 | 100.0
            +---------+---------+-------+---------+---------+-------
